 Dungeon Crawl Stone Soup version 0.28-a0-724-g66f9036eb4 (webtiles) character file.

Game seed: 17607679886605645653

1666 pokeman the Thaumaturge (level 8, -2/44 HPs)
             Began as a Deep Elf Hedge Wizard on Oct 26, 2021.
             Was an Initiate of Vehumet.
             Shot with an arrow by a centaur (11 damage)
             ... on level 6 of the Dungeon.
             The game lasted 00:20:11 (7888 turns).

pokeman the Thaumaturge (Deep Elf Hedge Wizard)     Turns: 7888, Time: 00:20:12

Health: -2/44      AC:  4    Str:  7    XL:     8   Next: 69%
Magic:  3/33       EV: 27    Int: 22    God:    Vehumet [......]
Gold:   33         SH:  0    Dex: 14    Spells: 10/27 levels left

rFire   . . .      SeeInvis .   l - +0 short sword (venom)
rCold   . . .      Faith    .   (no shield)
rNeg    . . .      Spirit   .   o - +0 leather armour
rPois   .          Reflect  .   a - +0 helmet
rElec   .          Harm     .   (no cloak)
rCorr   .          Rampage  .   (no gloves)
Will    .....                   (no boots)
Stlth   ++........              E - amulet of the acrobat
HPRegen 0.14/turn               p - ring of wizardry
MPRegen 0.23/turn               d - ring of magical power

@: acrobatic
A: no striking features
a: Renounce Religion


You were on level 6 of the Dungeon.
You worshipped Vehumet.
Vehumet was noncommittal.
You visited 2 branches of the dungeon, and saw 7 of its levels.
You also visited: Sewer.

You collected 164 gold pieces.
You spent 131 gold pieces at shops.

Inventory:

Hand Weapons
 l - a +0 short sword of venom (weapon)
 r - a -3 triple crossbow
Missiles
 g - 2 curare-tipped darts
 A - 2 throwing nets
 C - 43 arrows
Armour
 a - a +0 helmet (worn)
 o - a +0 leather armour (worn)
Jewellery
 d - a ring of magical power (right hand)
 h - a +6 ring of dexterity
 p - a ring of wizardry (left hand)
 E - an amulet of the acrobat (around neck)
 F - a ring of ice
Wands
 b - a wand of iceblast (8)
 s - a wand of digging (2)
 y - a wand of polymorph (9)
Scrolls
 c - 2 scrolls of fog {unknown}
 e - 2 scrolls of amnesia {unknown}
 i - 2 scrolls of teleportation {unknown}
 j - a scroll of fear {unknown}
 n - a scroll of acquirement {unknown}
 q - 3 scrolls of identify {unknown}
 B - a scroll of vulnerability {unknown}
 D - a scroll of enchant weapon {unknown}
Potions
 f - 8 potions of heal wounds
 k - 4 potions of flight {unknown}
 m - 2 potions of attraction {unknown}
 t - a potion of berserk rage {unknown}
 u - 3 potions of might {unknown}
 v - 3 potions of invisibility {unknown}
 w - 2 potions of cancellation {unknown}
 x - 3 potions of haste {unknown}
 z - a potion of resistance {unknown}


   Skills:
 - Level 2.0 Fighting
 + Level 2.5 Armour
 - Level 3.0 Dodging
 - Level 3.0 Stealth
 * Level 10.3 Spellcasting
 + Level 5.3 Conjurations
 - Level 1.1 Summonings
 - Level 1.1 Translocations
 + Level 4.2 Fire Magic
 - Level 1.3 Air Magic
 - Level 1.2 Poison Magic
 - Level 1.2 Evocations


You had 10 spell levels left.
You knew the following spells:

 Your Spells              Type           Power      Damage    Failure   Level
a - Magic Dart            Conj           100%       1d8       1%          1
b - Mephitic Cloud        Conj/Pois/Air  22%        N/A       3%          3
c - Call Imp              Summ           16%        N/A       3%          2
d - Blink                 Tloc           32%        N/A       3%          2
e - Conjure Flame         Conj/Fire      32%        6-21      1%          3
f - Starburst             Conj/Fire      16%        6d6       56%         6

Your spell library contained the following spells:

 Spells                   Type           Power      Damage    Failure   Level
 Dazzling Flash           Conj/Hex       46%        N/A       3%          3
 Slow                     Hex            11%        N/A       5%          2
 Iskenderun's Mystic Bla  Conj/Tloc      25%        2d7       9%          4
 Confusing Touch          Hex            11%        N/A       11%         3
 Ozocubu's Armour         Ice            11%        N/A       11%         3
 Tukima's Dance           Hex            11%        N/A       11%         3
 Passage of Golubria      Tloc           16%        N/A       21%         4
 Metabolic Englaciation   Hex/Ice        5%         N/A       65%         5
 Yara's Violent Unravell  Hex/Tmut       5%         3d4       65%         5
 Simulacrum               Ice/Necr       5%         N/A       99%         6


Dungeon Overview and Level Annotations

Branches:
Dungeon (6/15)             Temple (1/1) D:5           Sewer (visited)

Altars:
Ashenzari
Elyvilon
Hepliaklqana
Kikubaaqudgha
Nemelex Xobeh
Ru
Sif Muna
Trog
Uskayaw
Vehumet
Wu Jian
Xom
Yredelemnul
Zin

Shops:
D:4 *   D:5 !=


Message History

Confirm with . or Enter, or press ? or * to list all spells.
Aiming: Magic Dart (safe; 1% risk of failure)
Press: ? - help, Shift-Dir - straight line, f/p - wight
Aim: a wight, wielding a +4 dagger and wearing a +0 robe (heavily damaged, 100% to hit)
The magic dart hits the wight but does no damage.
The wight is heavily damaged.
Casting: Magic Dart (safe; 1% risk of failure)
Confirm with . or Enter, or press ? or * to list all spells.
Aiming: Magic Dart (safe; 1% risk of failure)
Press: ? - help, Shift-Dir - straight line, f/p - wight
Aim: a wight, wielding a +4 dagger and wearing a +0 robe (heavily damaged, 100% to hit)
The magic dart hits the wight but does no damage.
The wight is heavily damaged.
Casting: Magic Dart (safe; 1% risk of failure)
Confirm with . or Enter, or press ? or * to list all spells.
Aiming: Magic Dart (safe; 1% risk of failure)
Press: ? - help, Shift-Dir - straight line, f/p - wight
Aim: a wight, wielding a +4 dagger and wearing a +0 robe (heavily damaged, 100% to hit)
The magic dart hits the wight but does no damage.
The wight is heavily damaged.
The wight hits you with a +4 dagger.
Casting: Magic Dart (safe; 1% risk of failure)
Confirm with . or Enter, or press ? or * to list all spells.
You blink.
The centaur wields a +0 shortbow.
The centaur shoots an arrow.
The arrow hits you!
The centaur shoots an arrow.
The arrow hits you.
The centaur shoots an arrow.
The arrow barely misses you. The jelly misses you.
The centaur shoots an arrow.
The arrow hits you!
* * * LOW HITPOINT WARNING * * *
You feel stable enough to blink again. The wight closely misses you.
The centaur shoots an arrow.
The arrow closely misses you.
The centaur shoots an arrow.
The arrow misses you.
The centaur unwields a +0 shortbow.
The centaur completely misses you. x2
The centaur hits you.
* * * LOW HITPOINT WARNING * * *
The centaur closely misses you. The jelly completely misses you.
The centaur wields a +0 shortbow.
The centaur shoots an arrow.
The arrow hits you!
You die...

......... #.#..... #.#....
#.#...# #.#<..#####
#.........##########
##########....>.............#
#............zJ.@..########.#
#.............c....# #.#
.............####### #.#
......รท...#### #.#
..........# #.# ..........#
#.# ..........# #.#
#.........# #.#####
#.........# ###########.#....


You could see a centaur, a jelly and a wight.

Vanquished Creatures
  A water moccasin (D:5)
  2 black bears (D:4)
  A necrophage (D:5)
  An ogre (D:4)
  A phantom (D:6)
  3 kobold brigands (Sewer)
  A bullfrog (D:4)
  2 scorpions
  A water moccasin skeleton (D:4)
  2 wights (D:6)
  A bullfrog zombie (D:5)
  2 bullfrog skeletons (D:4)
  A centaur skeleton (D:5)
  2 hounds (D:5)
  A jelly (D:4)
  3 iguanas
  An orc wizard (D:4)
  10 gnolls
  A howler monkey skeleton (D:4)
  6 adders
  A white imp (D:5)
  An ufetubus (D:5)
  15 orcs
  4 bats
  10 endoplasms
  10 giant cockroaches
  5 goblins
  8 hobgoblins
  8 quokkas
  10 ball pythons
  5 frilled lizards
  A jackal skeleton (D:4)
  17 kobolds
  8 rats
146 creatures vanquished.

Vanquished Creatures (others)
  A fungus (D:6)
  4 plants (Sewer)
5 creatures vanquished.

Grand Total: 151 creatures vanquished

Notes
Turn   | Place    | Note
-------+----------+-------------------------------------------
     0 | D:1      | pokeman the Deep Elf Hedge Wizard began the quest for the
                  | Orb.
     0 | D:1      | Reached XP level 1. HP: 10/10 MP: 7/7
   167 | D:1      | Reached XP level 2. HP: 15/15 MP: 1/9
   921 | D:1      | Reached skill level 5 in Spellcasting
  1420 | D:2      | Reached XP level 3. HP: 20/20 MP: 6/11
  1424 | D:2      | Learned a level 3 spell: Mephitic Cloud
  1427 | D:2      | Learned a level 2 spell: Call Imp
  1430 | D:2      | Learned a level 2 spell: Blink
  1434 | D:2      | Learned a level 3 spell: Conjure Flame
  1910 | D:2      | Found a faded altar of an unknown god.
  2140 | D:2      | Reached skill level 1 in Fighting
  2140 | D:2      | Reached skill level 1 in Armour
  2148 | D:2      | Reached XP level 4. HP: 18/25 MP: 13/13
  3065 | D:3      | Found a hide-covered altar of Uskayaw.
  3127 | D:2      | Reached skill level 1 in Fire Magic
  3891 | D:4      | Reached skill level 6 in Spellcasting
  4011 | D:4      | Reached XP level 5. HP: 26/29 MP: 15/15
  4023 | D:4      | Found Quschyos's Lightly-Used Armoury.
  4049 | D:4      | Bought a -3 triple crossbow for 1 gold piece
  4141 | D:4      | Reached skill level 1 in Air Magic
  4190 | D:4      | Found a glowing drain.
  4204 | D:4      | Reached XP level 6. HP: 13/34 MP: 17/17
  4251 | Sewer    | Entered a sewer
  4434 | Sewer    | Reached skill level 7 in Spellcasting
  4648 | Sewer    | Reached skill level 1 in Poison Magic
  4648 | Sewer    | Reached skill level 1 in Evocations
  5030 | D:4      | Learned a level 6 spell: Starburst
  5111 | D:4      | Reached XP level 7. HP: 38/38 MP: 20/20
  5330 | D:4      | Reached skill level 8 in Spellcasting
  5990 | D:5      | Entered Level 5 of the Dungeon
  6025 | D:5      | Reached skill level 9 in Spellcasting
  6025 | D:5      | Reached XP level 8. HP: 38/44 MP: 23/23
  6255 | D:5      | Found a staircase to the Ecumenical Temple.
  6265 | Temple   | Entered the Ecumenical Temple
  6325 | Temple   | Became a worshipper of Vehumet
  6615 | D:5      | Found Nucreehus's Jewellery Emporium.
  6712 | D:5      | Found Fophoap's Distillery.
  6715 | D:5      | Reached skill level 5 in Conjurations
  6778 | D:5      | Bought 2 potions of heal wounds for 130 gold pieces
  7576 | D:6      | Reached skill level 10 in Spellcasting
  7888 | D:6      | Shot with an arrow by a centaur

Illustrated notes

Levels and vault maps discovered:
D:1:      erik_arrival_triangle_small, layout_loops_cross,
          chequers_serial_rivers_micro_e
D:2:      layout_basic, dreamdust_ecumenical_altar_angels_and_demons,
          serial_park_tiny_pond
D:3:      layout_basic, nicolae_uskayaw_murder_on_the_dancefloor
D:4:      layout_basic, gup_sewer_entry_pipe, minmay_shop_damaged
D:5:      layout_loops_ring, minmay_temple_entry_drinking_statues, serial_shops,
          nicolae_shop_stone, kennysheep_windowed_goal
D:6:      kennysheep_steamy, layout_basic, uniq_menkaure, uniq_sigmund
Temple:   regret_index_temple_sigil_plot

Skill      XL: |  1  2  3  4  5  6  7  8 |
---------------+-------------------------+-----
Spellcasting   | 5 6 7 9 10 | 10.3
Fighting       | 1 2 |  2.0
Armour         | 1 2 |  2.5
Conjurations   | 2 3 4 5 |  5.3
Fire Magic     | 1 3 4 |  4.2
Dodging        | 3 |  3.0
Stealth        | 3 |  3.0
Air Magic      | 1 |  1.3
Poison Magic   | 1 |  1.2
Evocations     | 1 |  1.2
Summonings     | |  1.1
Translocations | |  1.1

Action                   |  1- 3 |  4- 6 |  7- 9 || total
-------------------------+-------+-------+-------++-------
Melee: Dagger            |     3 |       |       ||     3
       Short sword       |     6 |    72 |    47 ||   125
 Cast: Magic Dart        |    84 |    83 |   117 ||   284
       Mephitic Cloud    |     2 |    11 |     8 ||    21
       Conjure Flame     |       |     1 |    11 ||    12
       Call Imp          |       |       |     3 ||     3
       Blink             |       |       |     1 ||     1
 Stab: Confused          |     1 |     8 |     5 ||    14
       Sleeping          |       |     2 |       ||     2
Armor: Leather armour    |       |    10 |    11 ||    21
       Robe              |       |     1 |       ||     1
Dodge: Dodged            |    13 |    33 |    49 ||    95

Table legend: (Time is in decaauts)
 A = Elapsed time spent in this place.
 B = Non-inter-level travel time spent in this place.
 C = Inter-level travel time spent in this place.
 D = Time resting spent in this place.
 E = Time spent auto-exploring this place.
 F = Levels seen in this place.
 G = Mean time per level.
                   A        B        C        D        E       F      G
               +--------+--------+--------+--------+--------+-----+--------+
         Total |   7926 |   7625 |    301 |    201 |   6196 |   8 |  990.8 |
       Dungeon |   7106 |   6819 |    287 |     64 |   5656 |   6 | 1184.3 |
        Temple |     75 |     61 |     14 |      0 |     49 |   1 |   75.0 |
         Sewer |    744 |    744 |      0 |    137 |    490 |   1 |  744.0 |
               +--------+--------+--------+--------+--------+-----+--------+

Top non-repeatable levels by time:
     D:2: 1694 daAuts
     D:4: 1364 daAuts
     D:5: 1350 daAuts
     D:1: 1198 daAuts
     D:3: 1026 daAuts
   Sewer: 744 daAuts
     D:6: 472 daAuts
  Temple: 75 daAuts
